 Dungeon Crawl Stone Soup version 0.23.1 (webtiles) character file.

Game seed: 419848631131303632

205 Borgoz the Sneak (level 5, -6/40 HPs)
             Began as a Ghoul Enchanter on Mar 13, 2019.
             Mangled by a gnoll
             ... wielding a +0 halberd
              (14 damage)
             ... on level 3 of the Dungeon.
             The game lasted 00:06:27 (3075 turns).

Borgoz the Sneak (Ghoul Enchanter)                  Turns: 3075, Time: 00:06:29

Health: -6/40      AC:  6    Str: 11 (12) XL:     5   Next: 83%
Magic:  2/7        EV: 12    Int: 10      God:
Gold:   145        SH:  0    Dex:  9 (10) Spells: 2/8 levels left

rFire    . . .     SeeInvis .   a - +1 dagger
rCold    + . .     Gourm    .   (no shield)
rNeg     + + +     Faith    .   m - +0 leather armour
rPois    ∞         Spirit   .   r - +0 helmet (curse)
rElec    .         Reflect  .   (no cloak)
rCorr    .         Harm     .   (no gloves)
MR       .....                  s - +1 pair of boots {Fly}
Stlth    ++........             (no amulet)
HPRegen  0.00/turn              h - ring of wizardry
MPRegen  0.10/turn              (no ring)

@: flying, very slightly contaminated, rotting
A: rotting body, claws 1, carnivore, cold resistance 1, negative energy
resistance 3, inhibited regeneration, torment resistance, unbreathing
a: Stop Flying


You were on level 3 of the Dungeon.
You were not hungry.

You visited 1 branch of the dungeon, and saw 3 of its levels.

You collected 145 gold pieces.

Inventory:

Hand Weapons
 a - a +1 dagger (weapon)
Armour
 m - a +0 leather armour (worn)
 r - a cursed +0 helmet (worn)
 s - a +1 pair of boots of flying (worn)
Jewellery
 h - a ring of wizardry (left claw)
Scrolls
 b - 5 scrolls of identify {unknown}
 f - a scroll of enchant armour {unknown}
 g - a scroll of noise {unknown}
 j - a scroll of enchant weapon {unknown}
 n - a scroll of immolation {unknown}
 p - a scroll of remove curse {unknown}
 q - a scroll of amnesia {unknown}
Potions
 e - a potion of mutation
 i - 6 potions of curing {unknown}
 l - a potion of flight {unknown}
 o - a potion of cancellation {unknown}
Comestibles
 d - 7 rations
 k - 9 chunks of flesh


   Skills:
 + Level 1.5 Fighting
 * Level 2.2 Short Blades
 * Level 2.0 Armour
 * Level 2.8 Dodging
 + Level 3.9 Stealth
 + Level 2.2 Spellcasting
 + Level 2.8 Hexes


You had 2 spell levels left.
You knew the following spells:

 Your Spells              Type           Power        Failure   Level  Hunger
a - Corona                Hex            #......      5%          1    ##.....
b - Ensorcelled Hibernat  Hex/Ice        #.....       14%         2    ###....
c - Confuse               Hex            #.......     16%         3    ####...

Your spell library contained the following spells:

 Spells                   Type           Power        Failure   Level  Hunger
 Tukima's Dance           Hex            #.......     16%         3    ####...
 Dazzling Spray           Conj/Hex       #.....       26%         3    ####...


Dungeon Overview and Level Annotations

Branches:
Dungeon (3/15)

Altars:


Innate Abilities, Weirdness & Mutations

Your body is rotting away.
You thrive on raw meat.
You are immune to poison.
You have sharp fingernails.
You are carnivorous and can eat meat at any time.
Your flesh is cold resistant. (rC+)
You are immune to negative energy. (rN+++)
You do not regenerate when monsters are visible.
You are immune to unholy pain and torment.
You can survive without breathing.


Message History

The gnoll barely misses you.
You closely miss the gnoll.
The gnoll is heavily wounded.
The gnoll hits you with a +0 halberd.
You hit the gnoll.
The gnoll is severely wounded.
You hit the gnoll.
The gnoll is severely wounded.
The gnoll hits you but does no damage.
You hit the gnoll.
The gnoll is almost dead.
The gnoll hits you with a +0 halberd!
* * * LOW HITPOINT WARNING * * *
It was a potion of mutation.
You feel extremely strange.
Your body decomposes!
You feel clumsy.
Your body decomposes!
You feel weakened. The gnoll hits you with a +0 halberd!
You die...

#.......##........##
#
######'###........#
# #.# #........# #
#.# #........# ###
#.# #........# #..
#.###........###..
#......... .......
#.######## #.... #@#
#.#.. #####g########
#.#.#..
####...ggg.......
.......
#................
.......
.##.............
.......
#.............
.......
#...##########
+####.. #...#.......
#.. #...#....... #..


You could see 4 gnolls.

Vanquished Creatures
  A howler monkey (D:2)
  An orc priest (D:3)
  6 adders
  3 worms
  3 dart slugs
  8 orcs (D:3)
  2 giant cockroaches
  5 hobgoblins
  3 jackals
  5 kobolds
  2 quokkas
  8 bats
  5 frilled lizards
  9 goblins
  5 rats
66 creatures vanquished.

Notes
Turn   | Place    | Note
-------+----------+-------------------------------------------
     0 | D:1      | Borgoz the Ghoul Enchanter began the quest for the Orb.
     0 | D:1      | Reached XP level 1. HP: 14/14 MP: 2/2
    44 | D:1      | Reached skill level 1 in Short Blades
   360 | D:1      | Reached XP level 2. HP: 19/20 MP: 3/3
  1094 | D:1      | Reached XP level 3. HP: 23/27 MP: 2/4
  1143 | D:1      | Learned a level 2 spell: Ensorcelled Hibernation
  1275 | D:2      | Reached skill level 1 in Armour
  1756 | D:2      | Reached skill level 1 in Fighting
  1756 | D:2      | Reached XP level 4. HP: 9/35 MP: 0/6
  2539 | D:3      | Reached XP level 5. HP: 20/40 MP: 4/7
  2689 | D:3      | Learned a level 3 spell: Confuse
  3075 | D:3      | Mangled by a gnoll

Skill      XL: |  1  2  3  4  5 |
---------------+----------------+-----
Short Blades   | 1 2 |  2.2
Dodging        | 2 |  2.8
Armour         | 1 2 |  2.0
Fighting       | 1 |  1.5
Spellcasting   | 2 |  2.2
Stealth        | |  3.9
Hexes          | |  2.8

Action                   |  1- 3 |  4- 6 || total
-------------------------+-------+-------++-------
Melee: Dagger            |   172 |   148 ||   320
 Cast: Corona            |     1 |       ||     1
       Ensorcelled Hiber |     3 |     8 ||    11
  Use: Potion            |       |     4 ||     4
 Stab: Sleeping          |     5 |     8 ||    13
  Eat: Chunk             |     8 |     5 ||    13
Armor: Robe              |    39 |       ||    39
       Leather armour    |    18 |    17 ||    35
Dodge: Dodged            |   110 |    71 ||   181
